[Event "56th Biel Festival Rapid 2023"]
[Site "Biel"]
[Date "2024.04.13"]
[Round "1.2"]
[White "Malli, Shiivesh Sunil"]
[Black "Yuffa, Daniil"]
[Result "*"]
[WhiteElo "1835"]
[BlackElo "2603"]
[PlyCount "37"]
[EventDate "2023.07.16"]
[EventType "swiss"]
[EventCountry "SUI"]
[TimeControl "900+5"]

1. c4 g6 2. Nc3 Bg7 3. g3 c5 4. Bg2 Nc6 5. d3 e6 6. e4 Nge7 7. Nge2 b6 8. O-O Bb7 9. f4 d6 10. Be3 Nd4 11. Qd2 Qd7 12. Bf2 O-O 13. Nxd4 cxd4 14. Ne2 e5 15. h3 f5 16. Rae1 fxe4 17. dxe4 b5 18. cxb5 Qxb5 19. Rc1 *

[Event "56th Biel Festival Rapid 2023"]
[Site "Biel"]
[Date "2024.04.13"]
[Round "1.3"]
[White "Riff, Jean-Noel"]
[Black "Lang, Fabian"]
[Result "*"]
[WhiteElo "2401"]
[BlackElo "1914"]
[PlyCount "26"]
[EventDate "2023.07.16"]
[EventType "swiss"]
[EventCountry "SUI"]
[TimeControl "900+5"]

1. e4 e5 2. Nf3 Nc6 3. Bb5 f5 4. d4 fxe4 5. Nxe5 Nf6 6. O-O a6 7. Ba4 Ne7 8. Bg5 Neg8 9. Nc3 c6 10. Nxe4 d5 11. Nxf6+ Nxf6 12. c3 Be7 13. Bc2 Be6 *

[Event "56th Biel Festival Rapid 2023"]
[Site "Biel"]
[Date "2024.04.13"]
[Round "1.4"]
[White "Ragios, Konstantinos"]
[Black "Rodrigue-Lemieux, Shawn"]
[Result "*"]
[WhiteElo "1925"]
[BlackElo "2495"]
[PlyCount "29"]
[EventDate "2023.07.16"]
[EventType "swiss"]
[EventCountry "SUI"]
[TimeControl "900+5"]

1. e4 c5 2. Nf3 Nc6 3. d4 cxd4 4. Nxd4 Nf6 5. Nc3 e5 6. Ndb5 d6 7. Nd5 Nxd5 8. exd5 Nb8 9. c4 Be7 10. Bd3 O-O 11. O-O Nd7 12. f4 Bf6 13. Kh1 Nc5 14. Bc2 e4 15. Rb1 *

[Event "56th Biel Festival Rapid 2023"]
[Site "Biel"]
[Date "2024.04.13"]
[Round "1.5"]
[White "Bharath Subramaniyam H"]
[Black "Pheng, Wissam"]
[Result "*"]
[WhiteElo "2488"]
[BlackElo "1940"]
[PlyCount "30"]
[EventDate "2023.07.16"]
[EventType "swiss"]
[EventCountry "SUI"]
[TimeControl "900+5"]

1. d4 d5 2. Nf3 c6 3. Bf4 Qb6 4. Qc1 Bf5 5. e3 Nf6 6. c4 e6 7. Nc3 Nbd7 8. Be2 dxc4 9. O-O Bb4 10. Nd2 O-O 11. Nxc4 Qd8 12. Nd6 Qe7 13. Nxb7 Nb6 14. Nc5 Bxc5 15. dxc5 Qxc5 *

[Event "56th Biel Festival Rapid 2023"]
[Site "Biel"]
[Date "2024.04.13"]
[Round "1.6"]
[White "Binzegger, Urs"]
[Black "Pranav Anand"]
[Result "*"]
[WhiteElo "1828"]
[BlackElo "2510"]
[PlyCount "44"]
[EventDate "2023.07.16"]
[EventType "swiss"]
[EventCountry "SUI"]
[TimeControl "900+5"]

1. e4 c5 2. Nf3 Nc6 3. d4 cxd4 4. Nxd4 Nf6 5. Nc3 d6 6. f3 e5 7. Nb3 Be6 8. Be3 Be7 9. g4 d5 10. g5 d4 11. gxf6 Bxf6 12. Bf2 dxc3 13. bxc3 Qc7 14. Bd3 b6 15. O-O O-O 16. Kh1 Ne7 17. Rg1 Qxc3 18. Nd2 Ng6 19. Nf1 Nf4 20. Ng3 Rfd8 21. Qe1 Qxe1 22. Bxe1 g6 *

[Event "56th Biel Festival Rapid 2023"]
[Site "Biel"]
[Date "2024.04.13"]
[Round "1.8"]
[White "Tureshbayev, Anuar"]
[Black "Huang, Renjie"]
[Result "0-1"]
[WhiteElo "1845"]
[BlackElo "2445"]
[PlyCount "30"]
[EventDate "2023.07.16"]
[EventType "swiss"]
[EventCountry "SUI"]
[TimeControl "900+5"]

1. e4 c5 2. d4 cxd4 3. c3 Nf6 4. e5 Nd5 5. cxd4 Nc6 6. Nc3 e6 7. Nxd5 exd5 8. Nf3 d6 9. exd6 Bxd6 10. Bd3 O-O 11. O-O Bg4 12. Be2 Re8 13. Be3 f5 14. Ne5 Bxe2 15. Nxc6 Bxh2+ 0-1

[Event "56th Biel Festival Rapid 2023"]
[Site "Biel"]
[Date "2024.04.13"]
[Round "1.9"]
[White "Sukandar, Irine Kharisma"]
[Black "Kleinert, Juergen"]
[Result "1-0"]
[WhiteElo "2358"]
[BlackElo "1802"]
[PlyCount "25"]
[EventDate "2023.07.16"]
[EventType "swiss"]
[EventCountry "SUI"]
[TimeControl "900+5"]

1. e4 e5 2. Nf3 d5 3. Nxe5 Bd6 4. d4 dxe4 5. Nc4 Be7 6. Nc3 Bf5 7. Bf4 c6 8. d5 Bb4 9. Qd4 Nf6 10. Qe5+ Qe7 11. Qxf5 cxd5 12. Qc8+ Qd8 13. Qxb7 1-0

[Event "56th Biel Festival Rapid 2023"]
[Site "Biel"]
[Date "2024.04.13"]
[Round "1.10"]
[White "Gillieron, Jean-Marc"]
[Black "Rosen, Eric"]
[Result "0-1"]
[WhiteElo "1746"]
[BlackElo "2344"]
[PlyCount "22"]
[EventDate "2023.07.16"]
[EventType "swiss"]
[EventCountry "SUI"]
[TimeControl "900+5"]

1. d4 d5 2. c4 e6 3. Nf3 Nf6 4. g3 dxc4 5. Nc3 c5 6. Qa4+ Nc6 7. e3 cxd4 8. exd4 Bd7 9. Qxc4 Nb4 10. Bg2 Nc2+ 11. Kd1 Nxa1 0-1

[Event "56th Biel Festival Rapid 2023"]
[Site "Biel"]
[Date "2024.04.13"]
[Round "1.12"]
[White "Tissier, Corentin"]
[Black "Schnepp, Gunnar"]
[Result "*"]
[WhiteElo "1754"]
[BlackElo "2278"]
[PlyCount "27"]
[EventDate "2023.07.16"]
[EventType "swiss"]
[EventCountry "SUI"]
[TimeControl "900+5"]

1. e4 c5 2. Nf3 d6 3. d4 cxd4 4. Nxd4 Nf6 5. Nc3 a6 6. f3 e6 7. Be3 b5 8. g4 Bb7 9. g5 Nfd7 10. Qd2 Nc6 11. Nxc6 Bxc6 12. O-O-O Ne5 13. Be2 b4 14. Nb1 *

[Event "56th Biel Festival Rapid 2023"]
[Site "Biel"]
[Date "2024.04.13"]
[Round "1.14"]
[White "Ramadugu Akshay"]
[Black "Huston, Gus"]
[Result "*"]
[WhiteElo "1844"]
[BlackElo "2341"]
[PlyCount "33"]
[EventDate "2023.07.16"]
[EventType "swiss"]
[EventCountry "SUI"]
[TimeControl "900+5"]

1. d4 d5 2. c4 e6 3. Nc3 Nf6 4. cxd5 exd5 5. Bg5 c6 6. e3 Nbd7 7. Bd3 Be7 8. Qc2 O-O 9. h3 Re8 10. Nf3 h6 11. Bf4 Bf8 12. O-O Nb6 13. Bh2 Bd6 14. Ne5 Be6 15. f4 c5 16. Qf2 Rc8 17. g4 *

[Event "56th Biel Festival Rapid 2023"]
[Site "Biel"]
[Date "2024.04.13"]
[Round "1.16"]
[White "Parlak, Selahattin"]
[Black "Vantika Agrawal"]
[Result "*"]
[WhiteElo "1639"]
[BlackElo "2428"]
[PlyCount "37"]
[EventDate "2023.07.16"]
[EventType "swiss"]
[EventCountry "SUI"]
[TimeControl "900+5"]

1. d4 Nf6 2. Nc3 d5 3. Nf3 g6 4. Bg5 Bg7 5. e3 O-O 6. Bd3 c5 7. dxc5 Qa5 8. Nd2 Qxc5 9. O-O Nc6 10. Nb3 Qd6 11. Bf4 e5 12. Bg3 Nh5 13. Nb5 Qe7 14. Nc3 Be6 15. Bb5 Rfd8 16. Ne2 Nxg3 17. Nxg3 h5 18. c3 h4 19. f4 *

[Event "56th Biel Festival Rapid 2023"]
[Site "Biel"]
[Date "2024.04.13"]
[Round "1.18"]
[White "Aeschbacher, Dimitri"]
[Black "Toktomushev, Teimur"]
[Result "*"]
[WhiteElo "1761"]
[BlackElo "2206"]
[PlyCount "22"]
[EventDate "2023.07.16"]
[EventType "swiss"]
[EventCountry "SUI"]
[TimeControl "900+5"]

1. e4 c5 2. Nf3 e6 3. d4 cxd4 4. Nxd4 a6 5. Bd3 Bc5 6. c3 Ne7 7. O-O Qc7 8. Nd2 Nbc6 9. N2f3 Ng6 10. Be3 b6 11. b4 Be7 *

[Event "56th Biel Festival Rapid 2023"]
[Site "Biel"]
[Date "2024.04.13"]
[Round "1.19"]
[White "Vincenti, Leonardo"]
[Black "Rahimi, Hamid"]
[Result "*"]
[WhiteElo "2117"]
[BlackElo "1484"]
[PlyCount "58"]
[EventDate "2023.07.16"]
[EventType "swiss"]
[EventCountry "SUI"]
[TimeControl "900+5"]

1. e4 d5 2. exd5 Qxd5 3. Nc3 Qd8 4. d4 Nf6 5. Nf3 Bg4 6. Be2 e6 7. h3 Bh5 8. O-O h6 9. Bf4 a6 10. Qd2 Bd6 11. Ne5 Bxe2 12. Qxe2 O-O 13. Qf3 c6 14. Rad1 Qc7 15. Rfe1 Nbd7 16. Ne4 Nxe4 17. Rxe4 Nf6 18. Re2 Bxe5 19. Bxe5 Qe7 20. Qg3 Rfd8 21. Rd3 Nh5 22. Qg4 Qg5 23. Qf3 f6 24. Bc7 Re8 25. Rde3 Kf7 26. Re5 f5 27. R5e3 Nf6 28. Be5 Nd5 29. Rb3 b5 *

[Event "56th Biel Festival Rapid 2023"]
[Site "Biel"]
[Date "2024.04.13"]
[Round "1.20"]
[White "Giambrone, Salvatore"]
[Black "Rohrer, Christophe"]
[Result "*"]
[WhiteElo "1772"]
[BlackElo "2312"]
[PlyCount "36"]
[EventDate "2023.07.16"]
[EventType "swiss"]
[EventCountry "SUI"]
[TimeControl "900+5"]

1. d4 Nf6 2. Nf3 d5 3. c4 e6 4. Nc3 Bb4 5. a3 Bxc3+ 6. bxc3 c5 7. e3 Nc6 8. Qc2 O-O 9. Bd3 dxc4 10. Bxc4 Qc7 11. dxc5 Na5 12. Bd3 Qxc5 13. O-O b6 14. a4 Rd8 15. Ba3 Qc7 16. Nd4 Bb7 17. Nb5 Qc6 18. f3 Rd7 *

[Event "56th Biel Festival Rapid 2023"]
[Site "Biel"]
[Date "2024.04.13"]
[Round "1.21"]
[White "Ermeni, Avni"]
[Black "Michel, Jean-claude"]
[Result "*"]
[WhiteElo "2138"]
[BlackElo "1720"]
[PlyCount "27"]
[EventDate "2023.07.16"]
[EventType "swiss"]
[EventCountry "SUI"]
[TimeControl "900+5"]

1. c4 Nf6 2. Nc3 e6 3. g3 g6 4. Bg2 Bg7 5. d4 d5 6. Nf3 O-O 7. O-O c5 8. cxd5 cxd4 9. Nxd4 exd5 10. Bg5 Be6 11. Nxe6 fxe6 12. Bh3 Qb6 13. Qb3 Re8 14. Rac1 *

[Event "56th Biel Festival Rapid 2023"]
[Site "Biel"]
[Date "2024.04.13"]
[Round "1.23"]
[White "Erne, Raphael"]
[Black "Zarriess, Benjamin"]
[Result "*"]
[WhiteElo "2077"]
[BlackElo "1698"]
[PlyCount "24"]
[EventDate "2023.07.16"]
[EventType "swiss"]
[EventCountry "SUI"]
[TimeControl "900+5"]

1. c4 e6 2. g3 d5 3. Bg2 Nf6 4. Nf3 d4 5. O-O Be7 6. e3 Nc6 7. a3 a5 8. exd4 Nxd4 9. d3 O-O 10. Nc3 Rb8 11. Nxd4 Qxd4 12. Be3 Qd7 *

[Event "56th Biel Festival Rapid 2023"]
[Site "Biel"]
[Date "2024.04.13"]
[Round "1.24"]
[White "Paholok, Igor"]
[Black "Angst, Robin"]
[Result "*"]
[WhiteElo "1710"]
[BlackElo "2215"]
[PlyCount "28"]
[EventDate "2023.07.16"]
[EventType "swiss"]
[EventCountry "SUI"]
[TimeControl "900+5"]

1. d4 f5 2. Nf3 Nf6 3. e3 g6 4. Bd3 Bg7 5. O-O O-O 6. Nbd2 d6 7. c3 Nc6 8. e4 e5 9. dxe5 dxe5 10. Bc4+ Kh8 11. exf5 gxf5 12. Ng5 Qe7 13. Re1 Ng4 14. Ndf3 h6 *

[Event "56th Biel Festival Rapid 2023"]
[Site "Biel"]
[Date "2024.04.13"]
[Round "1.25"]
[White "Ouellet, Maili-Jade"]
[Black "Bonauer, Stephan"]
[Result "*"]
[WhiteElo "2201"]
[BlackElo "1504"]
[PlyCount "26"]
[EventDate "2023.07.16"]
[EventType "swiss"]
[EventCountry "SUI"]
[TimeControl "900+5"]

1. e4 e5 2. Nf3 Nc6 3. Bb5 Nf6 4. O-O a6 5. Ba4 b5 6. Bb3 Bc5 7. c3 O-O 8. d4 exd4 9. cxd4 Bb6 10. e5 Ne8 11. d5 Na5 12. Bc2 d6 13. Ng5 g6 *

[Event "56th Biel Festival Rapid 2023"]
[Site "Biel"]
[Date "2024.04.13"]
[Round "1.27"]
[White "Kocharin, Timur"]
[Black "Tedone, Francesco"]
[Result "*"]
[WhiteElo "2225"]
[BlackElo "1577"]
[PlyCount "33"]
[EventDate "2023.07.16"]
[EventType "swiss"]
[EventCountry "SUI"]
[TimeControl "900+5"]

1. d4 Nf6 2. c4 Nc6 3. Nf3 e6 4. Nc3 Bb4 5. Qc2 O-O 6. Bg5 h6 7. Bh4 Be7 8. e4 d6 9. Be2 Bd7 10. O-O Qc8 11. e5 dxe5 12. dxe5 Nh7 13. Bd3 Ng5 14. Nxg5 Bxg5 15. Bxg5 hxg5 16. Qe2 Nd4 17. Qg4 *

[Event "56th Biel Festival Rapid 2023"]
[Site "Biel"]
[Date "2024.04.13"]
[Round "1.28"]
[White "Keymer, Cecilia"]
[Black "Kreienbuehl, Andreas"]
[Result "*"]
[WhiteElo "1698"]
[BlackElo "2138"]
[PlyCount "20"]
[EventDate "2023.07.16"]
[EventType "swiss"]
[EventCountry "SUI"]
[TimeControl "900+5"]

1. d4 d5 2. c4 c6 3. Nf3 Nf6 4. e3 Bf5 5. cxd5 cxd5 6. Nc3 Nc6 7. Ne5 e6 8. g4 Bg6 9. h4 h5 10. Nxg6 fxg6 *

[Event "56th Biel Festival Rapid 2023"]
[Site "Biel"]
[Date "2024.04.13"]
[Round "1.29"]
[White "Marinkovic, Zoran"]
[Black "Dittmar, Michael"]
[Result "*"]
[WhiteElo "2136"]
[BlackElo "1706"]
[PlyCount "34"]
[EventDate "2023.07.16"]
[EventType "swiss"]
[EventCountry "SUI"]
[TimeControl "900+5"]

1. e4 e6 2. d4 d5 3. e5 Bd7 4. Bd3 a6 5. Ne2 Bb5 6. Nbc3 Bxd3 7. Qxd3 c5 8. O-O Nc6 9. Be3 cxd4 10. Bxd4 Nge7 11. Ng3 Qc7 12. Rae1 Ng6 13. Kh1 O-O-O 14. f4 Nge7 15. f5 Nxd4 16. Qxd4 Nc6 17. Qf4 Bb4 *

[Event "56th Biel Festival Rapid 2023"]
[Site "Biel"]
[Date "2024.04.13"]
[Round "1.31"]
[White "Matta, Vinay Kumar"]
[Black "Markus, David"]
[Result "*"]
[WhiteElo "2111"]
[BlackElo "1384"]
[PlyCount "33"]
[EventDate "2023.07.16"]
[EventType "swiss"]
[EventCountry "SUI"]
[TimeControl "900+5"]

1. e4 c5 2. Nf3 e6 3. d4 cxd4 4. Nxd4 a6 5. Bd3 Nf6 6. Nc3 Qc7 7. Qe2 Nc6 8. Nxc6 bxc6 9. O-O Be7 10. Bg5 h6 11. Bh4 Bb7 12. e5 Nd5 13. Bxe7 Kxe7 14. Nxd5+ cxd5 15. f4 d6 16. Rae1 g6 17. Qg4 *

[Event "56th Biel Festival Rapid 2023"]
[Site "Biel"]
[Date "2024.04.13"]
[Round "1.32"]
[White "Tkhoruk, Roman"]
[Black "Schweizer, Simon"]
[Result "*"]
[WhiteElo "1803"]
[BlackElo "2123"]
[PlyCount "41"]
[EventDate "2023.07.16"]
[EventType "swiss"]
[EventCountry "SUI"]
[TimeControl "900+5"]

1. d4 Nf6 2. Bg5 d5 3. Bxf6 gxf6 4. Nf3 Bg7 5. e3 e5 6. c4 dxc4 7. Bxc4 O-O 8. Nc3 c6 9. O-O Nd7 10. h3 Qe7 11. Qc2 Rd8 12. Rad1 Nf8 13. dxe5 fxe5 14. Rxd8 Qxd8 15. Rd1 Qe7 16. Rd2 Be6 17. Bb3 Kh8 18. Bxe6 Qxe6 19. Ng5 Qe7 20. Nf3 Re8 21. Ne4 *

[Event "56th Biel Festival Rapid 2023"]
[Site "Biel"]
[Date "2024.04.13"]
[Round "1.33"]
[White "Baghirov, Rasul"]
[Black "Cardoso Rodrigues, Michael"]
[Result "*"]
[WhiteElo "1992"]
[BlackElo "1652"]
[PlyCount "32"]
[EventDate "2023.07.16"]
[EventType "swiss"]
[EventCountry "SUI"]
[TimeControl "900+5"]

1. e4 e5 2. Nf3 Nf6 3. d3 Nc6 4. Bg5 Be7 5. Nc3 O-O 6. Be2 h6 7. Bxf6 Bxf6 8. O-O d6 9. Nd5 Be6 10. Ne3 Qd7 11. c3 Rfe8 12. Qc2 g6 13. Rfd1 Rad8 14. d4 exd4 15. cxd4 d5 16. e5 Bg7 *

[Event "56th Biel Festival Rapid 2023"]
[Site "Biel"]
[Date "2024.04.13"]
[Round "1.34"]
[White "Sai Mahati A"]
[Black "Vianin, Pascal"]
[Result "*"]
[WhiteElo "1669"]
[BlackElo "2051"]
[PlyCount "20"]
[EventDate "2023.07.16"]
[EventType "swiss"]
[EventCountry "SUI"]
[TimeControl "900+5"]

1. d4 Nf6 2. c4 Nc6 3. d5 Ne5 4. e3 e6 5. Nc3 Bb4 6. Bd2 O-O 7. Nf3 d6 8. Be2 exd5 9. cxd5 Re8 10. O-O a5 *

[Event "56th Biel Festival Rapid 2023"]
[Site "Biel"]
[Date "2024.04.13"]
[Round "1.35"]
[White "Richard, Emma"]
[Black "von Burg, Carl Alexander"]
[Result "*"]
[WhiteElo "2157"]
[BlackElo "1537"]
[PlyCount "29"]
[EventDate "2023.07.16"]
[EventType "swiss"]
[EventCountry "SUI"]
[TimeControl "900+5"]

1. e4 c6 2. Nc3 d5 3. Nf3 dxe4 4. Nxe4 Nf6 5. Nxf6+ exf6 6. d4 Bd6 7. Bd3 O-O 8. O-O Bg4 9. h3 Bh5 10. Be4 Re8 11. Qd3 Bg6 12. Bxg6 hxg6 13. Bd2 Nd7 14. Rfe1 Qc7 15. c4 *

[Event "56th Biel Festival Rapid 2023"]
[Site "Biel"]
[Date "2024.04.13"]
[Round "1.36"]
[White "Claude Jean-Pierre"]
[Black "Toenz, Arthur"]
[Result "*"]
[WhiteElo "1401"]
[BlackElo "2040"]
[PlyCount "40"]
[EventDate "2023.07.16"]
[EventType "swiss"]
[EventCountry "SUI"]
[TimeControl "900+5"]

1. d4 Nf6 2. c4 e6 3. Nc3 Bb4 4. Bd2 O-O 5. Nf3 d5 6. e3 b6 7. cxd5 exd5 8. Be2 Re8 9. O-O Bd6 10. h3 Ba6 11. Bxa6 Nxa6 12. a3 c5 13. dxc5 bxc5 14. Qc2 Rb8 15. Rab1 Qc7 16. Ne2 Ne4 17. Be1 Qb7 18. Nd2 Nf6 19. Nf3 h6 20. Qc1 d4 *

[Event "56th Biel Festival Rapid 2023"]
[Site "Biel"]
[Date "2024.04.13"]
[Round "1.37"]
[White "Haugner, Jan"]
[Black "Arpa, Enes Salih"]
[Result "*"]
[WhiteElo "2066"]
[BlackElo "1349"]
[PlyCount "32"]
[EventDate "2023.07.16"]
[EventType "swiss"]
[EventCountry "SUI"]
[TimeControl "900+5"]

1. e4 e5 2. Nf3 Nc6 3. Bb5 a6 4. Bxc6 dxc6 5. O-O Bd6 6. d4 Qe7 7. dxe5 Bxe5 8. Nxe5 Qxe5 9. Nc3 Bd7 10. Be3 Nf6 11. f3 Rd8 12. Qe2 O-O 13. Rad1 Be6 14. Qf2 Rd7 15. Rxd7 Nxd7 16. f4 Qh5 *

[Event "56th Biel Festival Rapid 2023"]
[Site "Biel"]
[Date "2024.04.13"]
[Round "1.38"]
[White "Trubini, Timon"]
[Black "Schweizer, Samuel"]
[Result "*"]
[WhiteElo "1587"]
[BlackElo "2084"]
[PlyCount "34"]
[EventDate "2023.07.16"]
[EventType "swiss"]
[EventCountry "SUI"]
[TimeControl "900+5"]

1. e4 c5 2. Nf3 e6 3. d4 cxd4 4. Nxd4 a6 5. Nc3 Qc7 6. Be3 Nf6 7. Qd2 Bb4 8. Bd3 Nc6 9. Nxc6 bxc6 10. O-O d5 11. exd5 cxd5 12. Bd4 h6 13. Qe2 Be7 14. a3 O-O 15. Rfe1 Bb7 16. Qe3 Ng4 17. Qf3 Qxh2+ *

[Event "56th Biel Festival Rapid 2023"]
[Site "Biel"]
[Date "2024.04.13"]
[Round "1.39"]
[White "Prieb, Robert"]
[Black "Materia, Mario"]
[Result "*"]
[WhiteElo "2060"]
[BlackElo "1196"]
[PlyCount "36"]
[EventDate "2023.07.16"]
[EventType "swiss"]
[EventCountry "SUI"]
[TimeControl "900+5"]

1. d4 d5 2. Nf3 Nf6 3. c4 e6 4. Nc3 Bb4 5. Qa4+ Nc6 6. e3 O-O 7. Bd2 Bd7 8. Qc2 Ne7 9. c5 Nf5 10. Bd3 Re8 11. O-O Bxc3 12. Bxc3 h6 13. Ne5 c6 14. b4 a6 15. a4 Rc8 16. Rfb1 Ra8 17. b5 axb5 18. axb5 Ne7 *

[Event "56th Biel Festival Rapid 2023"]
[Site "Biel"]
[Date "2024.04.13"]
[Round "1.40"]
[White "Wilhelm, Marco"]
[Black "Mikavica, Dragoljub"]
[Result "*"]
[WhiteElo "1231"]
[BlackElo "2041"]
[PlyCount "48"]
[EventDate "2023.07.16"]
[EventType "swiss"]
[EventCountry "SUI"]
[TimeControl "900+5"]

1. d4 g6 2. Bf4 Bg7 3. e3 d6 4. c3 Nd7 5. Nd2 Ngf6 6. h3 a5 7. Bd3 a4 8. a3 b6 9. Ngf3 Bb7 10. Qe2 Nd5 11. Bg3 O-O 12. O-O e5 13. dxe5 dxe5 14. Bc2 f5 15. Nc4 Ba6 16. Rad1 c6 17. Bb1 Kh8 18. Ba2 Qe7 19. Qc2 b5 20. Ncd2 b4 21. c4 b3 22. Qc1 bxa2 23. cxd5 Nc5 24. Bh4 Qd6 *

[Event "56th Biel Festival Rapid 2023"]
[Site "Biel"]
[Date "2024.04.13"]
[Round "1.41"]
[White "Piazza, Carlo"]
[Black "Settegrana Miro"]
[Result "*"]
[WhiteElo "2106"]
[BlackElo "1301"]
[PlyCount "27"]
[EventDate "2023.07.16"]
[EventType "swiss"]
[EventCountry "SUI"]
[TimeControl "900+5"]

1. e4 c6 2. d4 d5 3. e5 c5 4. dxc5 e6 5. a3 Bxc5 6. b4 Bb6 7. Nf3 Ne7 8. Nbd2 O-O 9. Nb3 Ng6 10. Bd3 Qc7 11. Bb2 Nc6 12. Bxg6 fxg6 13. O-O Bd7 14. Qe2 *

[Event "56th Biel Festival Rapid 2023"]
[Site "Biel"]
[Date "2024.04.13"]
[Round "1.42"]
[White "Begdullayeva, Diana"]
[Black "Meier, Peter"]
[Result "*"]
[WhiteElo "1194"]
[BlackElo "2033"]
[PlyCount "26"]
[EventDate "2023.07.16"]
[EventType "swiss"]
[EventCountry "SUI"]
[TimeControl "900+5"]

1. c4 c6 2. Nc3 d5 3. cxd5 cxd5 4. d4 Nc6 5. Nf3 Nf6 6. Bf4 a6 7. e3 g6 8. Bd3 Bg7 9. O-O O-O 10. Re1 Bf5 11. e4 dxe4 12. Bxe4 Nxe4 13. Nxe4 Bxe4 *

[Event "56th Biel Festival Rapid 2023"]
[Site "Biel"]
[Date "2024.04.13"]
[Round "1.43"]
[White "Akshit Kumar J"]
[Black "Schaer, Bryan"]
[Result "*"]
[WhiteElo "2105"]
[BlackElo "1283"]
[PlyCount "22"]
[EventDate "2023.07.16"]
[EventType "swiss"]
[EventCountry "SUI"]
[TimeControl "900+5"]

1. e4 e6 2. d4 d5 3. Nd2 Be7 4. Ngf3 Nf6 5. e5 Nfd7 6. Bd3 c5 7. c3 Nc6 8. O-O Qb6 9. dxc5 Bxc5 10. Qe2 Qc7 11. Nb3 Ncxe5 *

[Event "56th Biel Festival Rapid 2023"]
[Site "Biel"]
[Date "2024.04.13"]
[Round "1.44"]
[White "Baghirov, Elmar"]
[Black "Rasovic, Dragan"]
[Result "*"]
[WhiteElo "1178"]
[BlackElo "2069"]
[PlyCount "30"]
[EventDate "2023.07.16"]
[EventType "swiss"]
[EventCountry "SUI"]
[TimeControl "900+5"]

1. e4 c6 2. Nc3 d5 3. d4 dxe4 4. Nxe4 Nd7 5. Nf3 Ngf6 6. Nxf6+ Nxf6 7. g3 Bg4 8. Bg2 e6 9. O-O Be7 10. c3 O-O 11. Bf4 Nd5 12. Qc1 Nxf4 13. Qxf4 Bf5 14. Rfe1 Qb6 15. b3 Rfd8 *

[Event "56th Biel Festival Rapid 2023"]
[Site "Biel"]
[Date "2024.04.13"]
[Round "1.45"]
[White "Alic, Miran"]
[Black "Begdullayeva, Karina"]
[Result "*"]
[WhiteElo "2011"]
[BlackElo "1034"]
[PlyCount "33"]
[EventDate "2023.07.16"]
[EventType "swiss"]
[EventCountry "SUI"]
[TimeControl "900+5"]

1. d4 d5 2. Nf3 c5 3. c4 e6 4. cxd5 exd5 5. Nc3 Nc6 6. e3 g6 7. dxc5 Bxc5 8. Qxd5 Bb4 9. Qxd8+ Nxd8 10. Bb5+ Bd7 11. Bxd7+ Kxd7 12. Bd2 Nf6 13. O-O h5 14. Rfd1 Kc8 15. Rac1 Nc6 16. a3 Bd6 17. b4 *

[Event "56th Biel Festival Rapid 2023"]
[Site "Biel"]
[Date "2024.04.13"]
[Round "1.46"]
[White "Creux François"]
[Black "Rivaud, Christophe"]
[Result "*"]
[WhiteElo "1753"]
[BlackElo "1955"]
[PlyCount "29"]
[EventDate "2023.07.16"]
[EventType "swiss"]
[EventCountry "SUI"]
[TimeControl "900+5"]

1. e4 Nf6 2. e5 Nd5 3. d4 d6 4. c4 Nb6 5. exd6 exd6 6. Nc3 Be7 7. Bd3 Nc6 8. Nge2 Bf6 9. Be3 Bg4 10. a3 Nxd4 11. Bxd4 Bxd4 12. Qc2 Bxc3+ 13. Qxc3 Bxe2 14. Bxe2 O-O 15. O-O *

[Event "56th Biel Festival Rapid 2023"]
[Site "Biel"]
[Date "2024.04.13"]
[Round "1.47"]
[White "Wilhelm, Serge"]
[Black "Caduff Simon"]
[Result "*"]
[WhiteElo "1959"]
[BlackElo "1610"]
[PlyCount "31"]
[EventDate "2023.07.16"]
[EventType "swiss"]
[EventCountry "SUI"]
[TimeControl "900+5"]

1. d4 d5 2. Bg5 Nf6 3. e3 Bf5 4. Nf3 h6 5. Bh4 g5 6. Bg3 Nc6 7. h4 g4 8. Ne5 Nxe5 9. Bxe5 Bg7 10. Be2 Rg8 11. g3 Nd7 12. Bxg7 Rxg7 13. Nd2 e6 14. O-O c5 15. c4 cxd4 16. cxd5 *

[Event "56th Biel Festival Rapid 2023"]
[Site "Biel"]
[Date "2024.04.13"]
[Round "1.48"]
[White "Girardin Elias"]
[Black "Malli, Suvirr"]
[Result "*"]
[WhiteElo "1419"]
[BlackElo "2094"]
[PlyCount "39"]
[EventDate "2023.07.16"]
[EventType "swiss"]
[EventCountry "SUI"]
[TimeControl "900+5"]

1. b3 e5 2. Bb2 Nc6 3. e3 d6 4. d4 exd4 5. exd4 d5 6. Nf3 Nf6 7. Be2 Be7 8. O-O O-O 9. Re1 Ne4 10. Nbd2 f5 11. c4 Be6 12. cxd5 Bxd5 13. Bb5 Kh8 14. Bxc6 bxc6 15. Ne5 Bb4 16. Nxe4 Bxe1 17. Nc5 Qg5 18. Nf3 Bxf3 19. Qxf3 Qd2 20. Nd3 *

[Event "56th Biel Festival Rapid 2023"]
[Site "Biel"]
[Date "2024.04.13"]
[Round "2.2"]
[White "Vianin, Pascal"]
[Black "Erdos, Viktor"]
[Result "*"]
[WhiteElo "2051"]
[BlackElo "2571"]
[PlyCount "66"]
[EventDate "2023.07.16"]
[EventType "swiss"]
[EventCountry "SUI"]
[TimeControl "900+5"]

1. e4 e5 2. Nf3 Nc6 3. Bb5 a6 4. Bxc6 dxc6 5. O-O Qf6 6. d4 exd4 7. e5 Qg6 8. Qxd4 Bg4 9. Nh4 Qh5 10. h3 Be6 11. Nf3 Bxh3 12. Bf4 Qg4 13. Bg3 Qxd4 14. Nxd4 Bg4 15. e6 O-O-O 16. exf7 Nh6 17. c3 c5 18. Nc2 Nxf7 19. Ne3 Be6 20. Na3 Be7 21. Rad1 Bxa2 22. Nac4 Rxd1 23. Rxd1 Rd8 24. Rxd8+ Bxd8 25. f4 g6 26. Ne5 Nxe5 27. fxe5 Kd7 28. Kf2 Ke6 29. Kf3 h5 30. Ke4 Bb1+ 31. Kf3 b5 32. b3 a5 33. c4 a4 *